 Dungeon Crawl Stone Soup version 0.22.1-1-ga44c0e5 (webtiles) character file.

49 Fang the Skirmisher (level 3, -1/24 HPs)
             Began as a Gargoyle Berserker on Sept 28, 2018.
             Was a Believer of Trog.
             Slain by a jackal (2 damage)
             ... on level 2 of the Dungeon.
             The game lasted 00:01:39 (1170 turns).

Fang the Skirmisher (Gargoyle Berserker)            Turns: 1170, Time: 00:01:40

Health: -1/24      AC:  5    Str: 21    XL:     3   Next: 77%
Magic:  3/3        EV: 12    Int:  7    God:    Trog [**....]
Gold:   64         SH:  0    Dex:  9    Spells: 2/2 levels left

rFire    . . .     SeeInvis .   a - +0 hand axe
rCold    . . .     Gourm    .   (no shield)
rNeg     + . .     Faith    .   b - +0 animal skin
rPois    ∞         Spirit   .   (no helmet)
rElec    +         Reflect  .   (no cloak)
rCorr    .         Harm     .   (no gloves)
MR       .....                  (no boots)
Stlth    +.........             (no amulet)
HPRegen  0.08/turn              (no ring)
MPRegen  0.08/turn              (no ring)

@: berserk cooldown
A: negative energy resistance 1, electricity resistance, unbreathing,
petrification resistance, rot immunity, AC +3
a: Berserk, Trog's Hand, Renounce Religion


You were on level 2 of the Dungeon.
You worshipped Trog.
Trog was pleased with you.
You were hungry.

You visited 1 branch of the dungeon, and saw 2 of its levels.

You collected 64 gold pieces.

Inventory:

Hand Weapons
 a - a +0 hand axe (weapon)
Armour
 b - a +0 animal skin (worn)
Scrolls
 e - a scroll of remove curse {unknown}
 g - 2 scrolls of noise {unknown}
 h - a scroll of identify {unknown}
Potions
 d - a potion of ambrosia {unknown}
 f - a potion of lignification {unknown}
 i - a potion of brilliance {unknown}
Comestibles
 c - 4 rations
 j - a chunk of flesh


   Skills:
 + Level 4.3 Fighting
 + Level 3.0 Axes
 + Level 2.4 Armour
 + Level 1.9 Dodging
 + Level 0.3 Stealth


You had 2 spell levels left.
You didn't know any spells.
Your spell library was empty.

Dungeon Overview and Level Annotations

Branches:
Dungeon (2/15)

Altars:


Innate Abilities, Weirdness & Mutations

You are resistant to torment.
Your stone body is resilient. (AC +3)
You are immune to poison.
You resist negative energy. (rN+)
You are resistant to electric shocks. (rElec)
You can survive without breathing.
You are immune to petrification.
You are immune to rotting.


Message History

The jackal barely misses you. The jackal closely misses you.
Unknown command.
You closely miss the jackal. You hit the jackal. The jackal closely misses you.
The jackal bites you but does no damage. x2
Unknown command.
Unknown command.
You hit the jackal.
The jackal is almost dead.
You barely miss the jackal. The jackal closely misses you.
The jackal bites you.
* * * LOW HITPOINT WARNING * * *
The jackal barely misses you.
Unknown command.
You hit the jackal.
You kill the jackal!
Trog accepts your kill.
You closely miss the jackal.
You are feeling hungry.
The jackal misses you. The jackal bites you.
You die...

#.# #.# #.# # #.# ###.
#.# ..... #.#
......###)#############
......†@.÷.............
......h........########
........#.##...........
...........#.#.########
........#..#.#.#######
........#............#
######..#.##.#.#####.#
#.......#(# #.#
#....####.# #.###


You could see a jackal.

Vanquished Creatures
  An adder (D:2)
  2 oozes (D:1)
  A dart slug (D:1)
  A leopard gecko (D:1)
  A ball python (D:1)
  4 goblins
  5 hobgoblins
  A jackal (D:2)
  2 kobolds (D:1)
  A quokka (D:2)
  6 bats
  A frilled lizard (D:1)
  3 rats (D:1)
29 creatures vanquished.

Notes
Turn   | Place    | Note
-------+----------+-------------------------------------------
     0 | D:1      | Fang the Gargoyle Berserker began the quest for the Orb.
     0 | D:1      | Reached XP level 1. HP: 14/14 MP: 1/1
   230 | D:1      | Reached XP level 2. HP: 19/20 MP: 2/2
   481 | D:1      | Reached skill level 4 in Fighting
   482 | D:1      | Reached XP level 3. HP: 20/24 MP: 3/3
  1142 | D:2      | Reached ** piety under Trog
  1169 | D:2      | HP: 1/24 [jackal (3)]
  1170 | D:2      | Slain by a jackal

Skill      XL: |  1  2  3 |
---------------+----------+-----
Fighting       | 4 |  4.3
Axes           | 3 |  3.0
Armour         | |  2.4
Dodging        | |  1.9
Stealth        | |  0.3

Action                   || total
-------------------------++-------
Melee: Hand axe          ||   102
Invok: Berserk           ||     3
 Stab: Sleeping          ||     1
  Eat: Chunk             ||     3
Armor: Animal skin       ||    62
Dodge: Dodged            ||    98
